 Dungeon Crawl Stone Soup version 0.29-a0-283-ga02f740833 (webtiles) character file.

Game seed: 6425540883644504172

329 Aksej the Cutter (level 6, -13/47 HPs)
             Began as a Demonspawn Gladiator on Mar 13, 2022.
             Mangled by Menkaure (15 damage)
             ... on level 4 of the Dungeon.
             The game lasted 00:07:00 (3493 turns).

Aksej the Cutter (Demonspawn Gladiator)             Turns: 3493, Time: 00:07:00

Health: -13/47     AC:  6    Str: 14    XL:     6   Next: 25%
Magic:  0/6        EV: 13    Int:  9    God:
Gold:   232        SH:  0    Dex: 17    Spells: 3/5 levels left

rFire   . . .      SeeInvis .   a - +0 rapier
rCold   + . .      Faith    .   (no shield)
rNeg    . . .      Spirit   +   b - +0 leather armour
rPois   .          Reflect  .   c - +2 helmet
rElec   .          Harm     .   (no cloak)
rCorr   .          Rampage  .   (no gloves)
Will    .....                   (no boots)
Stlth   ++........              i - amulet of guardian spirit
HPRegen 0.15/turn               j - ring of protection from cold
MPRegen 0.20/turn               (no ring)

@: no status effects
A: magic regeneration, demonic magic 3, demonic touch 1
a: no special abilities


You were on level 4 of the Dungeon.
You visited 1 branch of the dungeon, and saw 4 of its levels.

You collected 232 gold pieces.

Inventory:

Hand Weapons
 a - a +0 rapier (weapon)
Missiles
 d - a throwing net (quivered)
 e - a javelin
Armour
 b - a +0 leather armour (worn)
 c - a +2 helmet (worn)
 q - a +0 cloak
Jewellery
 i - an amulet of guardian spirit (around neck)
 j - a ring of protection from cold (left hand)
Wands
 o - a wand of flame (22)
Scrolls
 h - a scroll of immolation {unknown}
 l - a scroll of teleportation
 m - a scroll of magic mapping {unknown}
 n - a scroll of noise {unknown}
 p - a scroll of vulnerability {unknown}
Potions
 g - a potion of curing
 k - a potion of resistance


   Skills:
 * Level 3.5 Fighting
 + Level 4.4 Short Blades
 + Level 1.9 Throwing
 + Level 1.8 Armour
 + Level 3.4 Dodging
 + Level 1.5 Stealth
 + Level 0.4 Spellcasting
 + Level 0.2 Necromancy


You had 3 spell levels left.
You knew the following spells:

 Your Spells              Type           Power      Damage    Failure   Level
a - Animate Skeleton      Necr           0%         N/A       41%         1
b - Pain                  Necr           0%         1d4       41%         1

Your spell library contained the following spells:

 Spells                   Type           Power      Damage    Failure   Level
 Vampiric Draining        Necr           0%         2d6       78%         3


Dungeon Overview and Level Annotations

Branches:
Dungeon (4/15)
 Temple: D:4-7

Altars:
Gozag
Nemelex Xobeh
Okawaru

Shops:
D:2 :

Annotations:
D:4 Menkaure


Innate Abilities, Weirdness & Mutations

You regenerate magic rapidly.
Spells you cast and wands you use may paralyse nearby enemies.
Your touch may inflict minor irresistible damage on your foes.


Message History

Menkaure's bandages flutter.
You hear the slow hiss of an avalanche of sand very nearby.
You feel much better.
Menkaure calls on the powers of darkness!
Your body is wracked with pain!
The jelly convulses!
The hobgoblin convulses!
Menkaure calls on the powers of darkness!
The jelly convulses!
Your body is wracked with pain!
You hit Menkaure.
Menkaure is moderately damaged.
Menkaure calls on the powers of darkness!
The jelly convulses!
Your body is wracked with pain!
* * * LOW HITPOINT WARNING * * *
The jelly hits you but does no damage. Menkaure attacks as you move away!
Menkaure barely misses you. The jelly attacks as you move away!
The jelly misses you.
Menkaure points at you and mumbles some strange words.
Pain shoots through your body!
* * * LOW HITPOINT WARNING * * *
You feel much better. Menkaure hits you.
You hit Menkaure.
Menkaure is moderately damaged.
Menkaure closely misses you.
You barely miss Menkaure.
Menkaure is moderately damaged.
Menkaure hits you!
You completely miss Menkaure.
Menkaure is moderately damaged.
Menkaure hits you.
You hit Menkaure.
Menkaure is heavily damaged.
Menkaure closely misses you.
You hit Menkaure but do no damage.
You touch Menkaure.
Menkaure is severely damaged.
Menkaure hits you!
* * * LOW HITPOINT WARNING * * *
Menkaure hits you but does no damage.
You hit Menkaure.
Menkaure is severely damaged.
Menkaure hits you!
You die...

. .. #.### ....#
##.##..#####
...........##
......#.....# ..PP.
#._..g#########
..PP..#....JM@......#
..PP..####.#####.####
.. P.......# #.# .
P.......# #.#


PPPPPP..# ##.####### PPPPPP..# #........# ........####..#####># ..............#
...####.####### You could see Menkaure (fast), a jelly and a hobgoblin.

Vanquished Creatures
  Sigmund (D:2)
  Crazy Yiuf (D:3)
  A jelly (D:3)
  Ijyb (D:3)
  3 adders
  A worm (D:2)
  2 dart slugs
  2 orcs (D:3)
  2 ball pythons
  8 endoplasms
  A giant cockroach (D:3)
  9 goblins
  9 hobgoblins
  3 jackals (D:1)
  2 quokkas
  6 bats
  2 frilled lizards
  4 kobolds (D:1)
  3 rats
61 creatures vanquished.

Vanquished Creatures (others)
  5 fungi (D:3)
  8 plants
13 creatures vanquished.

Grand Total: 74 creatures vanquished

Notes
Turn   | Place    | Note
-------+----------+-------------------------------------------
     0 | D:1      | Aksej the Demonspawn Gladiator began the quest for the Orb.
     0 | D:1      | Reached XP level 1. HP: 16/16 MP: 1/1
   279 | D:1      | Gained mutation: Spells you cast may paralyse adjacent
                  | enemies. [demonic ancestry]
   279 | D:1      | Reached XP level 2. HP: 22/22 MP: 2/2
   346 | D:1      | Reached skill level 3 in Short Blades
  1040 | D:1      | Gained mutation: Spells you cast may paralyse nearby
                  | enemies. [demonic ancestry]
  1040 | D:1      | Reached XP level 3. HP: 25/27 MP: 3/3
  1457 | D:2      | Found a faded altar of an unknown god.
  1484 | D:2      | Noticed Sigmund
  1509 | D:2      | Killed Sigmund
  1510 | D:2      | Reached skill level 4 in Short Blades
  1510 | D:2      | Reached skill level 1 in Armour
  1510 | D:2      | Reached skill level 1 in Stealth
  1510 | D:2      | Gained mutation: Spells you cast and wands you use may
                  | paralyse nearby enemies. [demonic ancestry]
  1510 | D:2      | Reached XP level 4. HP: 2/35 MP: 4/4
  1510 | D:2      | Gained mutation: Your touch may inflict minor irresistible
                  | damage on your foes. [demonic ancestry]
  1510 | D:2      | Reached XP level 5. HP: 3/41 MP: 5/5
  1920 | D:2      | Learned a level 1 spell: Animate Skeleton
  1922 | D:2      | Learned a level 1 spell: Pain
  1922 | D:2      | Found Omyelel's Book Boutique.
  2114 | D:2      | Found an opulent altar of Gozag.
  2867 | D:3      | Noticed Ijyb
  2874 | D:3      | Killed Ijyb
  2875 | D:3      | Gained mutation: You regenerate magic rapidly. [demonic
                  | ancestry]
  2875 | D:3      | Reached XP level 6. HP: 42/47 MP: 6/6
  2934 | D:3      | Found a sparkling altar of Nemelex Xobeh.
  3387 | D:3      | Found a runed translucent door.
  3388 | D:3      | Noticed Crazy Yiuf
  3396 | D:3      | Killed Crazy Yiuf
  3466 | D:4      | Found an iron altar of Okawaru.
  3474 | D:4      | Noticed Menkaure
  3492 | D:4      | HP: 2/47 [Menkaure (16)]
  3493 | D:4      | Mangled by Menkaure

Illustrated notes

Levels and vault maps discovered:
D:1:      roderic_octagonal_star, layout_basic, amcnicky_mini_corridor_feature,
          serial_bayou_lagoon_b
D:2:      layout_loops_ring, ebering_ecumenical_altar_webs, serial_shops, shop,
          basic_altar, uniq_sigmund
D:3:      layout_rooms, nemelex_diamond_rough_becter, serial_forest,
          infiniplex_forest_join, infiniplex_forest_lined_room_2,
          infiniplex_forest_straight_3, infiniplex_forest_straight_5,
          infiniplex_forest_lined_3_way, infiniplex_forest_lined_ring,
          infiniplex_forest_clump_C, infiniplex_forest_join, chequers_jeans,
          uniq_crazy_yiuf_cottage, uniq_ijyb
D:4:      layout_loops_ring, mainiacjoe_overflow_chevrons,
          nicolae_hepliaklqana_monster_ancestors, chequers_ossuary_entry_cave,
          uniq_menkaure, uniq_grinder

Skill      XL: |  1  2  3 |
---------------+----------+-----
Dodging        | 3 |  3.4
Short Blades   | 3 4 |  4.4
Fighting       | 3 |  3.5
Armour         | 1 |  1.8
Stealth        | 1 |  1.5
Throwing       | |  1.9
Spellcasting   | |  0.4
Necromancy     | |  0.2

Action                   |  1- 3 |  4- 6 || total
-------------------------+-------+-------++-------
Melee: Rapier            |   116 |    84 ||   200
       Punch             |     2 |     1 ||     3
       Touch             |       |    19 ||    19
Throw: Throwing net      |     1 |     1 ||     2
 Cast: Pain              |       |     1 ||     1
       Animate Skeleton  |       |     2 ||     2
  Use: Scroll            |     5 |     1 ||     6
       Potion            |     4 |     2 ||     6
 Stab: Sleeping          |     2 |     5 ||     7
Armor: Leather armour    |    46 |    12 ||    58
Dodge: Dodged            |    72 |    32 ||   104

Table legend: (Time is in decaauts)
 A = Elapsed time spent in this place.
 B = Non-inter-level travel time spent in this place.
 C = Inter-level travel time spent in this place.
 D = Time resting spent in this place.
 E = Time spent auto-exploring this place.
 F = Levels seen in this place.
 G = Mean time per level.
                   A        B        C        D        E       F      G
               +--------+--------+--------+--------+--------+-----+--------+
         Total |   3529 |   3440 |     89 |      0 |   2888 |   4 |  882.2 |
       Dungeon |   3529 |   3440 |     89 |      0 |   2888 |   4 |  882.2 |
               +--------+--------+--------+--------+--------+-----+--------+

Top non-repeatable levels by time:
     D:2: 1212 daAuts
     D:1: 1205 daAuts
     D:3: 1051 daAuts
     D:4: 60 daAuts
